 Dungeon Crawl Stone Soup version 0.31-a0-702-gf82c85558f (webtiles) character file.

Game seed: 3404924794402614679

62 qw the Shooter (level 4, 0/28 HPs)
             Began as a Gargoyle Hunter on Sept 8, 2023.
             Slain by a goblin
             ... wielding a +0 club
             ... led by Robin
              (2 damage)
             ... on level 2 of the Dungeon.
             The game lasted 00:00:31 (1282 turns).

qw the Shooter (Gargoyle Hunter)                    Turns: 1282, Time: 00:00:31

Health: 0/28       AC:  7    Str: 14    XL:     4   Next: 8%
Magic:  4/4        EV: 11    Int: 10    God:
Gold:   59         SH:  0    Dex: 15    Spells: 3/3 levels left

rFire   . . .        Y - +0 shortbow
rCold   . . .        (shield currently unavailable)
rNeg    + . .        c - +0 leather armour
rPois   inf          (no helmet)
rElec   +            (no cloak)
rCorr   .            (no gloves)
SInv    .            d - +0 pair of boots
Will    .....        (no amulet)
Stlth   ++           (no ring)
HPRegen 0.24/turn    (no ring)
MPRegen 0.09/turn

%: no passive effects
@: no status effects
A: sickness immunity, AC +3, negative energy resistance 1, electricity
resistance, torment resistance 1, petrification resistance
a: no special abilities


You were on level 2 of the Dungeon.
You visited 1 branch of the dungeon, and saw 2 of its levels.

You collected 59 gold pieces.


Innate Abilities, Weirdness & Mutations

You are immune to sickness and miasma.
Your stone body is resilient. (AC +3)
You are immune to poison.
You resist negative energy. (rN+)
You are resistant to electric shocks. (rElec)
You are resistant to unholy torment.
You are immune to petrification.


   Skills:
 - Level 3.0 Fighting
 + Level 5.2 Ranged Weapons
 - Level 1.5 Dodging
 - Level 1.1 Stealth


You had 3 spell levels left.
You didn't know any spells.
Your spell library was empty.

Inventory:

Hand Weapons
 Y - a +0 shortbow (weapon)
Armour
 c - a +0 leather armour (worn)
 d - a +0 pair of boots (worn)
Scrolls
 a - 2 scrolls of identify
 f - a scroll of teleportation {unknown}
Potions
 b - a potion of brilliance {unknown}
 e - a potion of enlightenment {unknown}
 g - a potion of curing
 h - a potion of resistance

Dungeon Overview and Level Annotations

Branches:
Dungeon (2/15)

Altars:

Annotations:
D:2 Robin


Message History

The goblin hits you but does no damage.
You shoot an arrow. The arrow closely misses the goblin.
The goblin hits you but does no damage. The hobgoblin barely misses you.
The goblin closely misses you.
You shoot an arrow. The arrow closely misses the goblin.
The goblin barely misses you. The goblin hits you with a +0 club.
The hobgoblin hits you but does no damage.
You shoot an arrow. The arrow barely misses the goblin.
The goblin hits you but does no damage. The hobgoblin hits you.
The goblin barely misses you. The goblin hits you with a +0 club.
The goblin barely misses you.
The goblin hits you but does no damage. x2
Robin flexes a bicep menacingly.
The goblin hits you but does no damage.
You shoot an arrow. The arrow barely misses the goblin.
The goblin hits you with a +0 dagger. The goblin closely misses you.
The hobgoblin hits you. The goblin misses you. The goblin barely misses you. x2
You shoot an arrow. The arrow hits the goblin.
You kill the goblin!
The goblin hits you but does no damage. The hobgoblin hits you.
The goblin closely misses you. The goblin hits you but does no damage.
Robin throws the goblin at you! The goblin hits you but does no damage.
You shoot an arrow. The arrow hits the hobgoblin.
The hobgoblin is moderately wounded.
The goblin closely misses you. The hobgoblin misses you.
The goblin hits you but does no damage.
Robin says, "My goblins will feast on your bones."
Robin barely misses you. The goblin misses you. The goblin barely misses you.
You shoot an arrow. The arrow closely misses the hobgoblin.
Robin hits you from afar with a +1 spear of flaming.
Robin burns you. The hobgoblin misses you. The goblin misses you.
The goblin hits you but does no damage. The goblin closely misses you.
The hobgoblin closely misses you. The goblin barely misses you.
You shoot an arrow. The arrow hits the hobgoblin!
You kill the hobgoblin!
The hobgoblin closely misses you. The goblin closely misses you. x2
The goblin misses you. Robin hits you but does no damage.
The goblin hits you with a +0 dagger.
You shoot an arrow. The arrow barely misses the goblin.
The goblin barely misses you. The goblin hits you with a +0 club.
You die...

#.#.........# .).
#.#.......#.# #).
#.#..........
#####)####.#.###...#.#
#>.......#.#.#.......#
#........#.#.#.##....#
#....g...#.#.#...<....
#...g...[#.# ########.
##...g@g..#.# .......
......)gg..#.###########
...........#............
...........#############
.............#
###........#.#
#........#.###########
########..............
#.#............


You could see Robin, a hobgoblin (strong) and 4 goblins.

Vanquished Creatures
  A worm (D:2)
  3 dart slugs
  5 ball pythons (D:1)
  2 bats
  3 endoplasms
  9 goblins
  4 hobgoblins
  A jackal (D:1)
  5 quokkas
  4 frilled lizards
  5 kobolds
  4 rats
46 creatures vanquished.

Notes
Turn   | Place    | Note
-------+----------+-------------------------------------------
     0 | D:1      | qw the Gargoyle Hunter began the quest for the Orb.
     0 | D:1      | Reached XP level 1. HP: 12/12 MP: 1/1
     0 | D:1      | 0 ||| qw: Version: 0.3-a-76-g4403597
     0 | D:1      | 0 ||| qw: Game counter: 958
     0 | D:1      | 0 ||| qw: Melee chars always use a shield: true
     0 | D:1      | 0 ||| qw: God list: Okawaru
     0 | D:1      | 0 ||| qw: Allow faded altars: false
     0 | D:1      | 0 ||| qw: Do Orc after clearing Dungeon:15 true
     0 | D:1      | 0 ||| qw: Do second Lair branch before Depths: true
     0 | D:1      | 0 ||| qw: Lair rune preference: random
     0 | D:1      | 0 ||| qw: Goals: Normal
     0 | D:1      | 0 ||| PLANNING D:1-11
    68 | D:1      | Reached XP level 2. HP: 17/17 MP: 2/2
   294 | D:1      | Reached XP level 3. HP: 21/21 MP: 3/3
   542 | D:1      | Reached skill level 5 in Ranged Weapons
   708 | D:1      | 708 ||| UPGRADING to +0 pair of boots.
   713 | D:1      | 713 ||| DROPPING ring of wizardry.
   714 | D:1      | 714 ||| READING 5 scrolls labelled WYREGG BOXA.
   715 | D:1      | 715 ||| READING scroll labelled VEESEMO MUGE.
   716 | D:1      | 716 ||| READING 4 scrolls of identify.
   716 | D:1      | 716 ||| IDENTIFYING purple potion
   717 | D:1      | 717 ||| READING 3 scrolls of identify.
   717 | D:1      | 717 ||| IDENTIFYING pink potion
   718 | D:1      | 718 ||| DROPPING scroll of butterflies.
  1162 | D:2      | Reached skill level 3 in Fighting
  1268 | D:2      | Reached XP level 4. HP: 27/28 MP: 4/4
  1269 | D:2      | Noticed Robin
  1278 | D:2      | HP: 7/28 [hobgoblin[Robin] (3)]
  1280 | D:2      | HP: 3/28 [Robin/+1 spear of flaming (1)]
  1281 | D:2      | HP: 1/28 [goblin/+0 dagger[Robin] (2)]
  1282 | D:2      | Slain by a goblin

Levels and vault maps discovered:
D:1:      dpeg_arrival_arbitrary_b, layout_basic, minmay_quantized
D:2:      layout_basic, uniq_robin, uniq_crazy_yiuf_cottage

Skill      XL: |  1  2  3 |
---------------+----------+-----
Ranged Weapons | 5 |  5.2
Fighting       | 3 |  3.0
Dodging        | |  1.5
Stealth        | |  1.1

Action                     |  1- 3 |  4- 6 || total
---------------------------+-------+-------++-------
   Fire: Shortbow          |   123 |    15 ||   138
    Use: Scroll            |     4 |       ||     4
 Armour: Leather armour    |    33 |    30 ||    63
  Dodge: Dodged            |    26 |    29 ||    55

Table legend:
 A = Non-vault XP
 B = Vault XP
 C = Vault XP percentage of total XP
 D = Non-vault monster count
 E = Vault monster count
 F = Vault count percentage of total count
                 A         B        C        D         E       F
            +---------+---------+-------+---------+---------+-------
      Total |      67 |      22 |  24.7 |      34 |      12 |  26.1
            +---------+---------+-------+---------+---------+-------
        D:1 |      36 |       8 |  18.2 |      19 |       5 |  20.8
        D:2 |      31 |      14 |  31.1 |      15 |       7 |  31.8
            +---------+---------+-------+---------+---------+-------
